 Dungeon Crawl Stone Soup version 0.24.0-1-gfbc8707122 (webtiles) character file.

Game seed: 1860417570572931522, levelgen mode: deterministic

388 Curus the Twirler (level 6, -6/35 HPs)
             Began as a Gargoyle Gladiator on Oct 28, 2019.
             Mangled by an ogre
             ... wielding a +0 giant club
              (12 damage)
             ... on level 4 of the Dungeon.
             The game lasted 00:09:22 (2161 turns).

Curus the Twirler (Gargoyle Gladiator)              Turns: 2161, Time: 00:09:22

Health: -6/35      AC: 14    Str: 23    XL:     6   Next: 79%
Magic:  6/6        EV:  9    Int:  8    God:
Gold:   110        SH:  0    Dex: 13    Spells: 5/5 levels left

rFire    . . .     SeeInvis .   a - +0 quarterstaff
rCold    . . .     Gourm    .   (shield currently unavailable)
rNeg     + + +     Faith    .   n - +0 chain mail
rPois    ∞         Spirit   .   c - +0 helmet
rElec    +         Reflect  .   (no cloak)
rCorr    .         Harm     .   (no gloves)
MR       .....                  e - +0 pair of boots
Stlth    ..........             (no amulet)
HPRegen  0.11/turn              h - ring of positive energy
MPRegen  0.10/turn              m - ring of positive energy

@: mighty
A: negative energy resistance 1, electricity resistance, unbreathing,
petrification resistance, rot immunity, AC +4
a: no special abilities


You were on level 4 of the Dungeon.
You were not hungry.

You visited 1 branch of the dungeon, and saw 4 of its levels.

You collected 110 gold pieces.

Inventory:

Hand Weapons
 a - a +0 quarterstaff (weapon)
Missiles
 d - 2 throwing nets (quivered)
Armour
 b - a +0 leather armour
 c - a +0 helmet (worn)
 e - a +0 pair of boots (worn)
 n - a +0 chain mail (worn)
Jewellery
 h - a ring of positive energy (left hand)
 m - a ring of positive energy (right hand)
Wands
 i - a wand of iceblast (12)
 k - a wand of polymorph (11)
Scrolls
 g - 5 scrolls of identify
 j - 3 scrolls of remove curse
 l - 2 scrolls of amnesia
Comestibles
 f - 11 rations


   Skills:
 - Level 2.1 Fighting
 + Level 7.4 Staves
 - Level 1.7 Throwing
 - Level 2.4 Dodging


You had 5 spell levels left.
You didn't know any spells.
Your spell library was empty.

Dungeon Overview and Level Annotations

Branches:
Dungeon (4/15)
 Temple: D:4-7

Altars:
Cheibriados
Hepliaklqana
Nemelex Xobeh
Ru
Wu Jian

Annotations:
D:4 2 runed translucent doors, fritzmikael's ghost, amateur GrEE


Innate Abilities, Weirdness & Mutations

You are resistant to torment.
Your stone body is resilient. (AC +4)
You are immune to poison.
You resist negative energy. (rN+)
You are resistant to electric shocks. (rElec)
You can survive without breathing.
You are immune to petrification.
You are immune to rotting.


Message History

Found a scale mail.
An ogre comes into view. It is wielding a +0 giant club.
The ogre shouts!
A leopard gecko comes into view.
You thump the ogre!
The ogre is moderately wounded.
The ogre hits you with a +0 giant club!
You hit the ogre.
The ogre is heavily wounded.
The ogre hits you with a +0 giant club!
* * * LOW HITPOINT WARNING * * *
Throwing (i - inventory)
d - 3 throwing nets (quivered)
Press: ? - help, Shift-Dir - straight line, f - ogre
Aim: an ogre, wielding a +0 giant club (heavily wounded)
You throw a throwing net.
The throwing net barely misses the ogre.
You hit the ogre.
The ogre is severely wounded.
The ogre hits you with a +0 giant club!
You die...

##### ## #..[ ..
######### ##.## ## #.
........####...###...#
#.
#######(..O@.......#
#[
#..###...###.#.######.
#..# ##.#....#....##..
#..# #.#†#######....#
#O.####.#....#....#...
#....##.####.#.####..#
#.##.##.# #.#.# #..#
.....##.####...# #..#
................# #..#


You could see an ogre.

Vanquished Creatures
  A phantom (D:4)
  An ice beast (D:2)
  2 hounds
  A worker ant (D:4)
  A hound skeleton (D:4)
  2 adders (D:2)
  8 oozes
  A worm (D:2)
  A dart slug (D:4)
  A leopard gecko (D:1)
  5 orcs
  2 ball pythons (D:4)
  4 giant cockroaches
  2 goblins
  6 hobgoblins
  2 jackals (D:1)
  5 kobolds
  6 bats
  4 frilled lizards
  8 rats
63 creatures vanquished.

Notes
Turn   | Place    | Note
-------+----------+-------------------------------------------
     0 | D:1      | Curus the Gargoyle Gladiator began the quest for the Orb.
     0 | D:1      | Reached XP level 1. HP: 12/12 MP: 1/1
     1 | D:1      | Found a runed translucent door.
   111 | D:1      | Reached XP level 2. HP: 17/17 MP: 2/2
   333 | D:1      | Reached skill level 4 in Staves
   485 | D:1      | Reached XP level 3. HP: 21/21 MP: 3/3
   627 | D:1      | Reached XP level 4. HP: 11/26 MP: 4/4
   651 | D:2      | Reached skill level 5 in Staves
  1064 | D:2      | Found a faded altar of an unknown god.
  1068 | D:2      | Noticed an ice beast
  1085 | D:2      | Killed an ice beast
  1085 | D:2      | Reached XP level 5. HP: 20/30 MP: 5/5
  1091 | D:2      | Reached skill level 6 in Staves
  1131 | D:2      | Found a sparkling altar of Nemelex Xobeh.
  1545 | D:3      | Found a snail-covered altar of Cheibriados.
  1559 | D:3      | Found a hazy altar of Hepliaklqana.
  1565 | D:3      | Found an ornate altar of the Wu Jian Council.
  1640 | D:3      | Reached XP level 6. HP: 34/35 MP: 6/6
  1899 | D:4      | Noticed a phantom
  1934 | D:4      | Killed a phantom
  1934 | D:4      | Reached skill level 7 in Staves
  1946 | D:4      | Found a sacrificial altar of Ru.
  2039 | D:4      | Found a runed translucent door.
  2040 | D:4      | Noticed fritzmikael's ghost (amateur GrEE)
  2064 | D:4      | Found a runed translucent door.
  2161 | D:4      | Mangled by an ogre

Levels and vault maps discovered:
D:1:      dpeg_arrival_caged_fury, layout_loops_ring
D:2:      layout_loops_cross, nemelex_xobeh_ov_fountains_minmay,
          chequers_ecumenical_altar_twisty, first_ration
D:3:      layout_rooms, lemuel_crystal_altar, lemuel_round_altar,
          grunt_temple_overflow_open
D:4:      layout_loops_ring, overflow_temple_1_default,
          nicolae_overflow_crystal_walls, ebering_ghost_sewer_f, st_stairs_10,
          tgw_trog

Skill      XL: |  1  2  3  4  5  6 |
---------------+-------------------+-----
Staves         | 4 5 6 7 |  7.4
Fighting       | |  2.1
Throwing       | |  1.7
Dodging        | |  2.4

Action                   |  1- 3 |  4- 6 || total
-------------------------+-------+-------++-------
Melee: Quarterstaff      |    94 |   154 ||   248
Throw: Throwing net      |       |     1 ||     1
  Use: Scroll            |     3 |     4 ||     7
       Potion            |     1 |     2 ||     3
  Eat: Chunk             |       |     4 ||     4
Armor: Leather armour    |    31 |    42 ||    73
       Chain mail        |       |    30 ||    30
Dodge: Dodged            |    52 |    80 ||   132
